 Dungeon Crawl Stone Soup version 0.31.0-9-g3a7656b989 (webtiles) character file.

Game seed: 13969621299909722534

437 qw the Skirmisher (level 6, 0/35 HPs)
             Began as a Deep Elf Hunter on Feb 2, 2024.
             Frozen to death by an endoplasm (2 damage)
             ... on level 4 of the Dungeon.
             The game lasted 00:00:14 (3236 turns).

qw the Skirmisher (Deep Elf Hunter)                 Turns: 3236, Time: 00:00:15

Health: 0/35       AC:  9    Str: 10    XL:     6   Next: 69%
Magic:  8/8        EV: 11    Int: 14    God:
Gold:   168        SH:  0    Dex: 18    Spells: 5/5 levels left

rFire   . . .        a - +0 shortbow
rCold   . . .        (shield currently unavailable)
rNeg    . . .        d - +0 ring mail
rPois   .            f - +0 helmet
rElec   .            (no cloak)
rCorr   .            o - +2 pair of gloves
SInv    .            (no boots)
Will    .....        (no amulet)
Stlth   +            (no ring)
HPRegen 0.25/turn    (no ring)
MPRegen 0.11/turn

%: no passive effects
@: no status effects
A: no striking features
a: no special abilities


You were on level 4 of the Dungeon.
You visited 1 branch of the dungeon, and saw 4 of its levels.

You collected 168 gold pieces.


   Skills:
 - Level 2.0 Fighting
 - Level 10.2 Ranged Weapons
 - Level 1.0 Armour
 + Level 2.4 Dodging
 - Level 1.2 Stealth


You had 5 spell levels left.
You didn't know any spells.
Your spell library was empty.

Inventory:

Hand Weapons
 a - a +0 shortbow (weapon)
Armour
 d - a +0 ring mail (worn)
 f - a +0 helmet (worn)
 o - a +2 pair of gloves (worn)
Jewellery
 e - an amulet of faith
 i - a ring of ice
Wands
 c - a wand of quicksilver (6)
 p - a wand of paralysis (13)
Potions
 b - a potion of cancellation
 g - a potion of brilliance {unknown}
 h - a potion of ambrosia {unknown}
 j - a potion of mutation {unknown}
 k - a potion of enlightenment {unknown}
 l - a potion of degeneration {unknown}

Dungeon Overview and Level Annotations

Branches:
Dungeon (4/15)
 Temple: D:4-7

Altars:
Gozag
Hepliaklqana
Kikubaaqudgha
Ru

Annotations:
D:3 1 runed translucent door, Crazy Yiuf


Message History

The orc wizard hits you but does no damage.
The orc priest mumbles some strange prayers to Beogh against you.
You shoot an arrow.
The arrow completely misses the orc wizard.
The orc priest invokes the aid of Beogh against you.
Beogh smites you!
The orc wizard hits you but does no damage.
You shoot an arrow. The arrow barely misses the orc wizard.
The endoplasm hits you but does no damage.
The orc wizard hits you but does no damage.
The orc misses you.
You shoot an arrow. The arrow hits the orc wizard.
The orc wizard is severely wounded.
The endoplasm hits you but does no damage.
The orc wizard barely misses you. The orc hits you with a +0 mace.
You shoot an arrow.
The arrow hits the orc wizard but does no damage.
The orc wizard is severely wounded.
The endoplasm closely misses you. The orc wizard casts a spell at you.
You resist with some effort. The orc barely misses you.
The endoplasm hits you but does no damage.
The orc wizard casts a spell at you. The magic dart hits you!
The orc hits you but does no damage.
You shoot an arrow. The arrow hits the orc wizard!
You kill the orc wizard!
The endoplasm freezes you.
You are frozen.
The orc hits you but does no damage.
Your Armour skill increases to level 1!
You shoot an arrow. The arrow closely misses the orc.
The arrow hits the orc priest.
The orc priest is moderately wounded.
The endoplasm freezes you.
You are frozen.
Something hits you but does no damage. The orc hits you with a +0 mace.
You shoot an arrow. The arrow closely misses the orc.
The arrow barely misses the orc priest.
The endoplasm freezes you.
You are frozen.
You die...

##.## #..
#..###.#
##..#).####
##.#)....#
.######
#..%....#
.......
###>....#
......o
##....#
......J###
##'###
.....oo@.#
#.#
......)#.#
#.#
....$..#.#
#.#
.......#.#
#.# ##
...?)..#.#
####.# <#
...)...#.#
#....# .#
####)#####.#
#.#### .#
#....#
#.####.# .#
#.####
#...##.#


You could see an orc priest, 2 orcs and an endoplasm.

Vanquished Creatures
  Grinder (D:3)
  Jessica (D:3)
  Ijyb (D:3)
  An iguana (D:4)
  An orc wizard (D:4)
  4 gnolls (D:2)
  A dart slug (D:2)
  2 ribbon worms (D:2)
  7 orcs
  12 ball pythons
  8 endoplasms
  A giant cockroach (D:1)
  8 hobgoblins
  7 jackals
  8 kobolds
  4 quokkas
  5 bats
  4 frilled lizards
  8 goblins
  3 rats
87 creatures vanquished.

Notes
Turn   | Place    | Note
-------+----------+-------------------------------------------
     0 | D:1      | qw the Deep Elf Hunter began the quest for the Orb.
     0 | D:1      | Reached XP level 1. HP: 12/12 MP: 3/3
     0 | D:1      | 0 ||| qw: Version: 0.3-a-155-g5e7d8dd
     0 | D:1      | 0 ||| qw: Game counter: 1835
     0 | D:1      | 0 ||| qw: Melee chars always use a shield: true
     0 | D:1      | 0 ||| qw: God list: Okawaru
     0 | D:1      | 0 ||| qw: Allow faded altars: false
     0 | D:1      | 0 ||| qw: Do Orc after clearing Dungeon:15 true
     0 | D:1      | 0 ||| qw: Do second Lair branch before Depths: true
     0 | D:1      | 0 ||| qw: Lair rune preference: random
     0 | D:1      | 0 ||| qw: Goals: Normal
     0 | D:1      | 0 ||| PLANNING D:1-11
    88 | D:1      | Reached skill level 6 in Ranged Weapons
    88 | D:1      | Reached XP level 2. HP: 16/16 MP: 4/4
   615 | D:1      | Reached XP level 3. HP: 20/20 MP: 5/5
   802 | D:1      | 802 ||| UPGRADING to +0 ring mail.
   812 | D:1      | 812 ||| DROPPING +0 leather armour.
   813 | D:1      | 813 ||| READING 2 scrolls labelled KIJIEDAO SANTUM.
   814 | D:1      | 814 ||| READING scroll labelled EGECKA SOYS.
   818 | D:1      | 818 ||| DRINKING 2 brown potions.
   819 | D:1      | 819 ||| DROPPING scroll of butterflies.
   820 | D:1      | 820 ||| DROPPING scroll of immolation.
   843 | D:2      | Found a faded altar of an unknown god.
   883 | D:2      | 883 ||| FLEEEEING.
  1003 | D:2      | Reached skill level 7 in Ranged Weapons
  1020 | D:2      | 1020 ||| RETREEEEATING.
  1021 | D:2      | 1021 ||| RETREEEEATING.
  1022 | D:2      | 1022 ||| RETREEEEATING.
  1023 | D:2      | 1023 ||| RETREEEEATING.
  1024 | D:2      | 1024 ||| RETREEEEATING.
  1025 | D:2      | 1025 ||| RETREEEEATING.
  1026 | D:2      | 1026 ||| RETREEEEATING.
  1032 | D:2      | 1032 ||| RETREEEEATING.
  1033 | D:2      | 1033 ||| RETREEEEATING.
  1038 | D:2      | HP: 4/20 [gnoll/+0 flail (9)]
  1039 | D:2      | 1039 ||| READING scroll of teleportation.
  1040 | D:2      | 1040 ||| DRINKING potion of heal wounds.
  1134 | D:2      | Reached XP level 4. HP: 25/25 MP: 6/6
  1369 | D:2      | Found a sacrificial altar of Ru.
  1524 | D:2      | 1524 ||| DROPPING ring of magical power.
  1525 | D:2      | 1525 ||| READING 2 scrolls labelled REEMNE AGETEA.
  1525 | D:2      | 1525 ||| IDENTIFYING bubbling silvery potion
  1526 | D:2      | 1526 ||| READING scroll of identify.
  1526 | D:2      | 1526 ||| IDENTIFYING silvery potion
  1527 | D:2      | 1527 ||| READING scroll labelled UNTIXI JYJOACS.
  1528 | D:2      | 1528 ||| READING scroll labelled CALOJ XUILY.
  1529 | D:2      | 1529 ||| READING scroll labelled LOMMEYCZAGH.
  1530 | D:2      | 1530 ||| DRINKING 2 green potions.
  1531 | D:2      | 1531 ||| DROPPING potion of attraction.
  1533 | D:2      | 1533 ||| Stepping ~*~*~tactically~*~*~ (cloud).
  1541 | D:2      | HP: 6/25 [poisoned by you (poison gas)]
  1546 | D:2      | HP: 4/25 [poisoned by you (poison gas)]
  1687 | D:3      | Noticed Jessica
  1691 | D:3      | Killed Jessica
  1692 | D:3      | Reached skill level 8 in Ranged Weapons
  1816 | D:3      | Found an ancient bone altar of Kikubaaqudgha.
  1825 | D:3      | Noticed Grinder
  1826 | D:3      | 1826 ||| DRINKING potion of haste.
  1926 | D:3      | Found an opulent altar of Gozag.
  2101 | D:3      | Reached XP level 5. HP: 29/29 MP: 7/7
  2212 | D:3      | Found a runed translucent door.
  2213 | D:3      | Noticed Crazy Yiuf
  2356 | D:3      | Found a hazy altar of Hepliaklqana.
  2412 | D:3      | Noticed Ijyb
  2419 | D:3      | Paralysed by Ijyb for 3 turns
  2424 | D:3      | Killed Ijyb
  2503 | D:3      | Paralysed by Grinder for 2 turns
  2607 | D:3      | 2607 ||| UPGRADING to +0 helmet.
  2612 | D:3      | 2612 ||| UPGRADING to +0 pair of gloves.
  2617 | D:3      | 2617 ||| READING 3 scrolls labelled LYUMOCR FYFOWK.
  2618 | D:3      | 2618 ||| READING scroll labelled XOOGGO WAEJUEM.
  2725 | D:3      | Killed Grinder
  2726 | D:3      | Reached skill level 10 in Ranged Weapons
  2726 | D:3      | Reached XP level 6. HP: 11/34 MP: 8/8
  2815 | D:3      | 2815 ||| READING scroll labelled ANEAFRI GA CIG.
  2815 | D:3      | 2815 ||| ENCHANTING +0 pair of gloves.
  2816 | D:3      | 2816 ||| DROPPING 2 scrolls of fear.
  2953 | D:4      | HP: 6/35 [orc priest/divine providence (11)]
  2954 | D:4      | 2954 ||| READING scroll of teleportation.
  2955 | D:4      | 2955 ||| DRINKING potion of heal wounds.
  3115 | D:4      | 3115 ||| READING scroll of enchant armour.
  3115 | D:4      | 3115 ||| ENCHANTING +1 pair of gloves.
  3235 | D:4      | Reached skill level 1 in Armour
  3235 | D:4      | HP: 8/35 [frozen (2)]
  3235 | D:4      | HP: 2/35 [orc/+0 mace (6)]
  3236 | D:4      | Frozen to death by an endoplasm

Levels and vault maps discovered:
D:1:      giann_wishing_wells, layout_basic
D:2:      layout_rooms, ebering_ecumenical_altar_mist, basic_altar,
          minmay_misc_feat_four_crosses, serial_bayou_lagoon_a,
          kennysheep_crisscross, chequers_avenue
D:3:      layout_loops_ring, mainiacjoe_overflow_alcove_4, grunt_gozag_statues,
          lemuel_tele_altar, uniq_crazy_yiuf_cottage, uniq_grinder,
          uniq_jessica, uniq_ijyb
D:4:      layout_basic

Skill      XL: |  1  2  3  4  5  6 |
---------------+-------------------+-----
Ranged Weapons | 6 7 8 10 | 10.2
Fighting       | 2 |  2.0
Armour         | 1 |  1.0
Dodging        | |  2.4
Stealth        | |  1.2

Action                     |  1- 3 |  4- 6 || total
---------------------------+-------+-------++-------
   Fire: Shortbow          |   125 |   196 ||   321
    Use: Scroll            |     3 |    10 ||    13
         Potion            |     2 |     3 ||     5
 Armour: Leather armour    |    16 |       ||    16
         Ring mail         |    21 |    64 ||    85
  Dodge: Dodged            |    39 |    51 ||    90

Table legend:
 A = Non-vault XP
 B = Vault XP
 C = Vault XP percentage of total XP
 D = Non-vault monster count
 E = Vault monster count
 F = Vault count percentage of total count
                 A         B        C        D         E       F
            +---------+---------+-------+---------+---------+-------
      Total |     275 |     350 |  56.0 |      84 |       3 |   3.4
            +---------+---------+-------+---------+---------+-------
        D:1 |      43 |       0 |   0.0 |      27 |       0 |   0.0
        D:2 |      95 |       0 |   0.0 |      23 |       0 |   0.0
        D:3 |      30 |     350 |  92.1 |      15 |       3 |  16.7
        D:4 |     107 |       0 |   0.0 |      19 |       0 |   0.0
            +---------+---------+-------+---------+---------+-------
